 Dungeon Crawl Stone Soup version 0.26.0-41-g79a4fc7684 (webtiles) character file.

Game seed: 5646704164674502503

142 DildoBatman the Conjurer (level 5, -10/35 HPs)
             Began as a Formicid Conjurer on Jan 26, 2021.
             Mangled by Prince Ribbit (11 damage)
             ... on level 4 of the Dungeon.
             The game lasted 00:09:36 (3077 turns).

DildoBatman the Conjurer (Formicid Conjurer)        Turns: 3077, Time: 00:09:36

Health: -10/35     AC:  2    Str: 17    XL:     5   Next: 49%
Magic:  9/9        EV: 12    Int: 19    God:
Gold:   124        SH:  4    Dex:  9    Spells: 7/10 levels left

rFire    . . .     SeeInvis +   a - +3 dagger
rCold    . . .     Faith    .   s - +0 buckler
rNeg     . . .     Spirit   .   n - +0 robe
rPois    .         Reflect  .   (helmet unavailable)
rElec    .         Harm     .   (no cloak)
rCorr    .         Rampage  .   (no gloves)
Will     .....                  (no boots)
Stlth    ++........             (no amulet)
HPRegen  0.11/turn              h - +6 ring of strength
MPRegen  0.11/turn              (no ring)

@: no status effects
A: permanent stasis, dig shafts and tunnels, four strong arms, antennae 3
a: Dig, Shaft Self


You were on level 4 of the Dungeon.
You visited 1 branch of the dungeon, and saw 5 of its levels.

You collected 124 gold pieces.

Inventory:

Hand Weapons
 a - a +3 dagger (weapon)
Missiles
 c - 47 bolts
 f - 46 poisoned darts
 j - 32 stones
 m - a throwing net
 t - 19 arrows
 u - 45 sling bullets
Armour
 n - a +0 robe (worn)
 s - a +0 buckler (worn)
Jewellery
 h - a +6 ring of strength (left hand)
Wands
 r - a wand of polymorph (1)
Scrolls
 q - a scroll of amnesia {unknown}
 v - a scroll of teleportation {unknown}
 x - 2 scrolls of remove curse
 z - 3 scrolls of identify
Potions
 i - a potion of curing {unknown}
 k - 2 potions of magic {unknown}
 l - a potion of might {unknown}
 o - a potion of attraction {unknown}
 p - a potion of degeneration {unknown}
 w - a potion of berserk rage {unknown}


   Skills:
 - Level 1.7 Dodging
 - Level 2.4 Stealth
 - Level 3.0 Shields
 * Level 3.3 Spellcasting
 * Level 4.6 Conjurations


You had 7 spell levels left.
You knew the following spells:

 Your Spells              Type           Power        Failure   Level
a - Searing Ray           Conj           40%          3%          2
c - Magic Dart            Conj           80%          2%          1

Your spell library contained the following spells:

 Spells                   Type           Power        Failure   Level
 Dazzling Flash           Conj/Hex       24%          17%         3
 Fulminant Prism          Conj/Hex       6%           50%         4
 Iskenderun's Mystic Bla  Conj/Tloc      12%          50%         4


Dungeon Overview and Level Annotations

Branches:
Dungeon (5/15)
 Temple: D:4-7

Altars:

Annotations:
D:2 Terence
D:4 Prince Ribbit


Innate Abilities, Weirdness & Mutations

You cannot be hasted, slowed, berserked, paralysed or teleported.
You can dig through walls and to a lower floor.
Your four strong arms can wield two-handed weapons with a shield.
You have a pair of large antennae on your head. (SInv)


Message History

You kill the jackal! (Press . to maintain the ray.) Prince Ribbit gives a loud, deep croak!
There is a stone staircase leading up here.
You block Prince Ribbit's attack.
You climb upwards.
There is a stone staircase leading down here.
Prince Ribbit blinks!
You extend your mandibles.
You dig through the rock wall.
Prince Ribbit hops awkwardly around.
Prince Ribbit closely misses you. Prince Ribbit hits you!!
Ouch! That really hurt!
You retract your mandibles.
Prince Ribbit misses you. Prince Ribbit hits you!
There is an open door here.
Prince Ribbit hits you!
You die...

*,,,,,+.....+.......#,,,,,,,*
*,,,,,#.....#.......#,,,,,,,*
*,,,,,#.....#......##########
*,,,,,#............#........#
*,,,,,#...).#......#.........
*,,,,,#...>.#......#.........
*******,,,#.....#......'.........
,,,****,,,#.....##'###+#.....†...
,,,,,,,,,,#.....@F........<#####.
,,,,,,,,,,#................#,,,*,
,,,,,,,,,,+................#,,,+,
,,,,,,,,,,#................#,,,*,
,**,,**,,,##+###...........#,,**,
,**,,**,,,**,,,######.....##,,***
,,,,,,,,,,,,,,,,* #.....#,,{,,,
,,,,,,,,,,,,,,,,* #.....#,,,,,,
,,,,,,,,,,,,,,,,* #.....#,,,,,,


You could see Prince Ribbit.

Vanquished Creatures
  A bullfrog skeleton (D:5)
  3 adders
  2 oozes
  3 worms
  2 dart slugs (D:1)
  An orc (D:3)
  A bat (D:3)
  4 giant cockroaches
  13 goblins
  7 hobgoblins
  6 jackals
  A quokka (D:3)
  2 ball pythons
  8 kobolds
  6 rats
60 creatures vanquished.

Notes
Turn   | Place    | Note
-------+----------+-------------------------------------------
     0 | D:1      | DildoBatman the Formicid Conjurer began the quest for the
                  | Orb.
     0 | D:1      | Reached XP level 1. HP: 13/13 MP: 3/3
   237 | D:1      | Reached XP level 2. HP: 19/19 MP: 0/5
   293 | D:1      | Learned a level 2 spell: Searing Ray
   297 | D:1      | Reached skill level 4 in Conjurations
   762 | D:1      | Reached XP level 3. HP: 24/24 MP: 2/6
  1675 | D:2      | Noticed Terence
  1727 | D:2      | Reached XP level 4. HP: 30/30 MP: 1/8
  2326 | D:3      | Reached skill level 1 in Shields
  2787 | D:2      | Reached XP level 5. HP: 35/35 MP: 7/9
  2966 | D:5      | Entered Level 5 of the Dungeon
  3009 | D:5      | Noticed Prince Ribbit
  3075 | D:4      | HP: 1/35 [Prince Ribbit (16)]
  3077 | D:4      | Mangled by Prince Ribbit

Illustrated notes

Levels and vault maps discovered:
D:1:      nicolae_arrival_washed_ashore, layout_basic,
          chequers_serial_rivers_small_3
D:2:      layout_loops_cross, grunt_temple_overflow_growth_and_decay,
          uniq_terence, uniq_robin
D:3:      layout_basic
D:4:      layout_gridville, uniq_edmund, uniq_duvessa
D:5:      layout_basic, lightli_ossuary_entry_decrepit_ruins,
          uniq_prince_ribbit1

Skill      XL: |  1  2  3  4  5 |
---------------+----------------+-----
Conjurations   | 4 |  4.6
Spellcasting   | 3 |  3.3
Shields        | 1 3 |  3.0
Dodging        | |  1.7
Stealth        | |  2.4

Action                   |  1- 3 |  4- 6 || total
-------------------------+-------+-------++-------
Melee: Mace              |     8 |     1 ||     9
       Dagger            |       |     3 ||     3
 Cast: Magic Dart        |    57 |    42 ||    99
       Searing Ray       |     3 |    11 ||    14
 Abil: Dig               |     9 |     8 ||    17
  Use: Scroll            |       |     5 ||     5
Armor: Robe              |     1 |     2 ||     3
Dodge: Dodged            |    13 |    20 ||    33
Block: Buckler           |       |     1 ||     1
